 Dungeon Crawl Stone Soup version 0.24-a0-580-g6a6c3f83c1 (webtiles) character file.

Game seed: 10770133600458784919

473 DasRunzen the Shield-Bearer (level 6, -11/57 HPs)
             Began as a Minotaur Fighter on Aug 22, 2019.
             Was a Follower of Okawaru.
             Killed from afar by Dowan (16 damage)
             ... with a stone arrow
             ... on level 4 of the Dungeon.
             The game lasted 00:05:48 (2285 turns).

DasRunzen the Shield-Bearer (Minotaur Fighter)      Turns: 2285, Time: 00:05:49

Health: -11/57     AC: 10    Str: 26    XL:     6   Next: 84%
Magic:  5/5        EV: 10    Int:  5    God:    Okawaru [*.....]
Gold:   97         SH: 10    Dex: 11    Spells: 5/5 levels left

rFire    + . .     SeeInvis .   a - +0 war axe
rCold    . . .     Gourm    .   c - +0 shield
rNeg     . . .     Faith    .   b - +0 scale mail
rPois    .         Spirit   .   i - +1 hat
rElec    .         Reflect  .   (no cloak)
rCorr    .         Harm     .   (no gloves)
MR       .....                  (no boots)
Stlth    ..........             (no amulet)
HPRegen  0.59/turn              (no ring)
MPRegen  0.09/turn              (no ring)

@: mighty
A: retaliatory headbutt, horns 2, repulsion field 1, molten scales 1, fire
resistance 1, regeneration 1
a: Heroism, Renounce Religion


You were on level 4 of the Dungeon.
You worshipped Okawaru.
Okawaru was aware of your devotion.
You were not hungry.

You visited 2 branches of the dungeon, and saw 5 of its levels.

You collected 97 gold pieces.

Inventory:

Hand Weapons
 a - a +0 war axe (weapon)
Armour
 b - a +0 scale mail (worn)
 c - a +0 shield (worn)
 i - a +1 hat (worn)
Scrolls
 j - a scroll of fog {unknown}
Potions
 e - a potion of flight
 g - a potion of berserk rage
 h - 2 potions of agility
 k - 2 potions of cancellation {unknown}
 l - a potion of curing {unknown}
 m - 2 potions of heal wounds {unknown}
 n - a potion of brilliance {unknown}
 o - a potion of lignification {unknown}
Comestibles
 f - 7 rations
 p - a chunk of flesh


   Skills:
 + Level 5.6 Fighting
 + Level 4.8 Axes
 + Level 5.6 Armour
 + Level 5.6 Shields


You had 5 spell levels left.
You didn't know any spells.
Your spell library was empty.

Dungeon Overview and Level Annotations

Branches:
Dungeon (4/15)             Temple (1/1) D:4

Altars:
Ashenzari
Cheibriados
Dithmenos
Elyvilon
Gozag
Kikubaaqudgha
Nemelex Xobeh
Okawaru
Ru
Sif Muna
Uskayaw
Vehumet
Wu Jian
Xom
Zin

Annotations:
D:3 1 runed translucent door, Tali's ghost, amateur DsBe
D:4 Dowan


Innate Abilities, Weirdness & Mutations

You reflexively headbutt those who attack you in melee.
You have a pair of horns on your head.
You are surrounded by a mild repulsion field. (EV +2)
You are partially covered in molten scales. (AC +2)
Your flesh is heat resistant. (rF+)
Your natural rate of healing is unusually fast.


Message History

You kill the ogre!
Okawaru accepts your kill.
You hit Duvessa.
You kill Duvessa!
Okawaru accepts your kill.
You can now gain great but temporary skills.
Dowan screams, "No!
Oh no!"
Dowan seems to find hidden reserves of power!
Your shield and scale mail prevent you from hitting Dowan.
You block Dowan's attack. Dowan hits you with a +0 dagger.
* * * LOW HITPOINT WARNING * * *
Unknown command.
You hit Dowan. You headbutt Dowan.
Dowan is heavily wounded.
Dowan casts a spell.
Dowan blinks!
You feel very mighty all of a sudden. Dowan gestures at you while chanting.
The stone arrow hits you!
You die...

### ####.. ..#.#
#.#e######
#####.........
#..†..@)....#
###########.###.§)###.#
............# #...#
###########.# #.....
#.# #..#### #.# #..#
#.. .... #.# ##.# #.#


You could see Dowan.

Vanquished Creatures
  Duvessa (D:4)
  A phantom (D:4)
  An ogre (D:4)
  Natasha (thrice) (D:2)
  3 adders
  2 oozes
  4 worms
  4 dart slugs
  A leopard gecko (D:1)
  An orc (D:3)
  2 ball pythons
  8 bats
  A giant cockroach (D:3)
  8 goblins
  7 hobgoblins
  4 jackals
  2 quokkas (D:4)
  5 frilled lizards
  9 kobolds
  9 rats
76 creatures vanquished.

Notes
Turn   | Place    | Note
-------+----------+-------------------------------------------
     0 | D:1      | DasRunzen the Minotaur Fighter began the quest for the Orb.
     0 | D:1      | Reached XP level 1. HP: 19/19 MP: 0/0
   217 | D:1      | Reached XP level 2. HP: 27/27 MP: 1/1
   596 | D:2      | Reached XP level 3. HP: 33/33 MP: 2/2
   639 | D:2      | Noticed Natasha
   885 | D:2      | Killed Natasha
   915 | D:2      | Noticed Natasha
   922 | D:2      | Killed Natasha
   922 | D:2      | Reached XP level 4. HP: 37/41 MP: 3/3
   970 | D:2      | Noticed Natasha
   977 | D:2      | Killed Natasha
   987 | D:2      | Found a shadowy altar of Dithmenos.
  1091 | D:2      | Found a glowing silver altar of Zin.
  1171 | D:2      | Reached XP level 5. HP: 23/47 MP: 4/4
  1277 | D:2      | Found a shimmering blue altar of Sif Muna.
  1285 | D:2      | Gained mutation: You are partially covered in molten
                  | scales. (AC +2) [potion of mutation]
  1285 | D:2      | Gained mutation: Your natural rate of healing is unusually
                  | fast. [potion of mutation]
  1285 | D:2      | Gained mutation: Your flesh is heat resistant. (rF+)
                  | [potion of mutation]
  1285 | D:2      | Gained mutation: You are surrounded by a mild repulsion
                  | field. (EV +2) [potion of mutation]
  1446 | D:3      | Found a runed translucent door.
  1448 | D:3      | Noticed Tali's ghost (amateur DsBe)
  1650 | D:3      | Found a hide-covered altar of Uskayaw.
  1813 | D:4      | Found a staircase to the Ecumenical Temple.
  1834 | Temple   | Entered the Ecumenical Temple
  1904 | Temple   | Became a worshipper of Warmaster Okawaru
  2074 | D:4      | Found a sacrificial altar of Ru.
  2127 | D:4      | Noticed a phantom
  2145 | D:4      | Killed a phantom
  2145 | D:4      | Reached skill level 5 in Fighting
  2145 | D:4      | Reached skill level 5 in Armour
  2145 | D:4      | Reached skill level 5 in Shields
  2145 | D:4      | Reached XP level 6. HP: 48/56 MP: 5/5
  2267 | D:4      | Noticed Duvessa
  2268 | D:4      | Noticed Dowan
  2283 | D:4      | Killed Duvessa
  2283 | D:4      | Reached * piety under Okawaru
  2285 | D:4      | Killed from afar by Dowan

Levels and vault maps discovered:
D:1:      dpeg_arrival_houses_and_road, layout_loops_ring
D:2:      layout_basic, lemuel_crystal_altar, lemuel_coloured_pillars_altar,
          zin_statuary, first_ration, corexii_leaking_fountain, uniq_natasha
D:3:      wander_river, layout_rooms, nicolae_overflow_crystal_walls,
          hellmonk_ghost_happy_afterlife, kennysheep_cross_room
D:4:      layout_loops_ring, grunt_temple_overflow_holy_war,
          nicolae_ru_great_annihilating_truth, minmay_temple_entry_waves,
          serial_shops, kennysheep_mini, makhleb_heckhound_becter, uniq_duvessa
Temple:   jpeg_temple_alley_garden

Skill      XL: |  1  2  3  4  5 |
---------------+----------------+-----
Fighting       | 4 5 |  5.6
Armour         | 4 5 |  5.6
Shields        | 4 5 |  5.6
Axes           | 3 4 |  4.8

Action                   |  1- 3 |  4- 6 || total
-------------------------+-------+-------++-------
Melee: War axe           |    50 |   128 ||   178
       Headbutt          |    12 |    19 ||    31
  Use: Scroll            |     2 |     5 ||     7
       Potion            |       |     2 ||     2
 Stab: Paralysed         |       |     1 ||     1
  Eat: Chunk             |       |     5 ||     5
Armor: Scale mail        |    25 |    46 ||    71
Dodge: Dodged            |    16 |    55 ||    71
Block: Shield            |    26 |    81 ||   107

Table legend:
 A = Non-vault XP
 B = Vault XP
 C = Vault XP percentage of total XP
 D = Non-vault monster count
 E = Vault monster count
 F = Vault count percentage of total count
                 A         B        C        D         E       F
            +---------+---------+-------+---------+---------+-------
      Total |     487 |     190 |  28.1 |      70 |       6 |   7.9
            +---------+---------+-------+---------+---------+-------
        D:1 |      41 |       0 |   0.0 |      19 |       0 |   0.0
        D:2 |     136 |      35 |  20.5 |      26 |       1 |   3.7
        D:3 |      51 |       0 |   0.0 |      20 |       0 |   0.0
        D:4 |     259 |     155 |  37.4 |       5 |       5 |  50.0
            +---------+---------+-------+---------+---------+-------
